 Dungeon Crawl Stone Soup version 0.26-a0-651-gb41185065b (webtiles) character file.

Game seed: 11979587433488887642

276429 Flugslaktarn the Warrior (level 19, -3/193 HPs)
             Began as a Deep Dwarf Fighter on Oct 7, 2020.
             Was the Champion of Makhleb.
             Slain by a spark wasp (12 damage)
             ... on level 3 of the Depths.
             The game lasted 00:17:14 (21083 turns).

Flugslaktarn the Warrior (Deep Dwarf Fighter)      Turns: 21083, Time: 00:17:14

Health: -3/193     AC: 31    Str: 26    XL:     19   Next: 15%
Magic:  16/16      EV: 11    Int: 10    God:    Makhleb [******]
Gold:   2074       SH: 26    Dex: 13    Spells: 18/18 levels left

rFire    + + .     SeeInvis +   K - +5 broad axe (elec)
rCold    + . .     Faith    .   g - +0 tower shield
rNeg     + + +     Spirit   .   j - +1 plate armour {rN+}
rPois    .         Reflect  +   L - +1 helmet of Eheluosk {rF+ rN+}
rElec    .         Harm     .   (no cloak)
rCorr    .         Rampage  .   m - +2 pair of gloves
MR       ++...                  a - +2 pair of boots {Fly}
Stlth    ..........             M - amulet of reflection
HPRegen  0.00/turn              N - ring "Samudwo" {+Fly rF+ rC+ AC+4}
MPRegen  0.15/turn              i - ring of see invisible

@: flying, non-regenerating
A: damage resistance, heal wounds, blurry vision 1, low mp 1, negative energy
resistance 1, sense surroundings 3, subdued magic 1, no regeneration
}: 3/15 runes: decaying, serpentine, abyssal
a: Heal Wounds, Minor Destruction, Lesser Servant of Makhleb, Major Destruction,
Greater Servant of Makhleb, Renounce Religion, Stop Flying


You were on level 3 of the Depths.
You worshipped Makhleb.
Makhleb was exalted by your worship.
You visited 7 branches of the dungeon, and saw 33 of its levels.
You visited the Abyss 1 time.
You also visited: Ossuary, Bailey and Gauntlet.

You collected 2585 gold pieces.
You spent 511 gold pieces at shops.

Inventory:

Hand Weapons
 o - a +9 war axe of venom
   (You found it on level 4 of the Dungeon)
 K - a +5 broad axe of electrocution (weapon)
   (You bought it in a shop on level 2 of the Orcish Mines)
Missiles
 b - 2 throwing nets (quivered)
Armour
 a - a +2 pair of boots of flying (worn)
   (You found it on level 9 of the Dungeon)
 g - a +0 tower shield (worn)
   (You took it off Louise on level 3 of the Swamp)
 j - a +1 plate armour of positive energy (worn)
   (You found it on level 9 of the Dungeon)
 m - a +2 pair of gloves (worn)
   (You found it on level 8 of the Dungeon)
 L - the +1 helmet of Eheluosk (worn) {rF+ rN+}
   (You found it on level 1 of the Lair of Beasts)

   It protects you from fire.
   It protects you from negative energy.
Jewellery
 f - an uncursed ring of protection from fire
   (You found it on level 6 of the Dungeon)
 i - a ring of see invisible (right hand)
   (You found it on level 7 of the Dungeon)
 k - an uncursed ring of resist corrosion
   (You found it on level 8 of the Dungeon)
 M - an amulet of reflection (around neck)
   (You found it in a Gauntlet)
 N - the ring "Samudwo" (left hand) {+Fly rF+ rC+ AC+4}
   (You found it in a Gauntlet)

   [ring of protection]

   It affects your AC (+4).
   It protects you from fire.
   It protects you from cold.
   It lets you fly.
Wands
 s - a wand of paralysis (28)
   (You found it on level 10 of the Dungeon)
 v - a wand of acid (37)
   (You found it on level 7 of the Dungeon)
 A - a wand of iceblast (20)
   (You took it off Maurice on level 12 of the Dungeon)
Scrolls
 c - a scroll of vulnerability
 l - 2 scrolls of magic mapping
 r - 4 scrolls of identify
 t - 4 scrolls of teleportation
 x - 13 scrolls of remove curse
 y - 2 scrolls of immolation
 z - 4 scrolls of blinking
 E - 2 scrolls of fog
 G - a scroll of brand weapon
 H - 3 scrolls of summoning
 I - a scroll of enchant armour
Potions
 d - a potion of might
 e - 3 potions of invisibility
 h - 4 potions of haste
 n - a potion of resistance
 p - 4 potions of cancellation
 q - 8 potions of curing
 u - 5 potions of mutation
 w - 10 potions of heal wounds
 B - a potion of ambrosia
 C - 5 potions of lignification
 D - 2 potions of magic
 J - 4 potions of berserk rage
Miscellaneous
 F - a condenser vane (1/2)
   (You found it on level 9 of the Dungeon)


   Skills:
 * Level 17.1 Fighting
 - Level 16.0 Axes
 + Level 14.8 Armour
 - Level 11.0 Dodging
 + Level 14.8 Shields
 - Level 15.0 Invocations
 - Level 10.0 Evocations


You had 18 spell levels left.
You didn't know any spells.
Your spell library was empty.

Dungeon Overview and Level Annotations

Branches:
Dungeon (15/15)            Temple (1/1) D:5            Lair (4/6) D:9
  Swamp (4/4) Lair:4        Snake (4/4) Lair:4          Orc (2/2) D:12
    Elf (0/3) Orc:2        Vaults (0/5) D:14         Depths (3/5) D:15
Ossuary (visited)          Bailey (visited)         Gauntlet (visited)

Altars:
Ashenzari
Cheibriados
Dithmenos
Elyvilon
Fedhas
Gozag
Hepliaklqana
Makhleb
Nemelex Xobeh
Okawaru
Qazlal
Ru
Sif Muna
Trog
Vehumet
Wu Jian
Xom
Yredelemnul
Zin
The Shining One

Shops:
D:12 *}   Orc:2 (?((

Portals:
Hell: Depths:1 Depths:2
Abyss: Depths:2
Ziggurat: Depths:3
Trove: Depths:1 (give 5 scrolls of fear)

Annotations:
D:8 3 runed translucent doors, harkrass's ghost, novice MiFi
Lair:3 3 runed translucent doors, exclusion: oklob plant, Jebami Geqynt's ghost, journeyman TeAE; Vias's ghost, journeyman DsWn
Depths:3 Nikola


Innate Abilities, Weirdness & Mutations

You are resistant to damage.
You can heal yourself by infusing magical energy.
You resist negative energy. (rN+)
You passively map a large area around you.
You do not regenerate.
Scrolls take you a little longer to read.
Your magical capacity is low. (-10% MP)
Your spells are a little easier to cast, but a little less powerful.


Message History

The spark wasp stings you but does no damage.
The spark wasp is engulfed in freezing vapours.
The spark wasp misses you.
The spark wasp is engulfed in freezing vapours. x2
The spark wasp stings you but does no damage.
The slime creature is engulfed in freezing vapours.
The spark wasp is engulfed in freezing vapours.
The spark wasp stings you but does no damage.
The spark wasp is engulfed in freezing vapours.
The spark wasp barely misses you.
The spark wasp is engulfed in freezing vapours.
The spark wasp closely misses you.
The spark wasp bursts into living lightning!
The living lightning hits the spark wasp.
The spark wasp completely resists.
The living lightning hits you!
* * * LOW HITPOINT WARNING * * *
The spark wasp blinks!
The spark wasp is engulfed in freezing vapours.
The spark wasp stings you. The spark wasp shocks you!
You die...

,,, , , , ** * , ...
......... , *
#§§§#..§....# , , * ,
##§§#.......##., ,, , ,
#§§y§§........... , * ,
, , ...§§§............ ,
,, ...§§J§§§§.........
,,*
#....§yyy§.........., ,,
,* #....§§@y§...........
,,
#.....§yy§..≈......... ,
, ,
,......§§§§.≈≈≈.........
, ,
,..........≈≈≈≈≈........
, ,,
.........≈≈≈∩≈≈≈...... ,
* ** *
#####.....≈≈≈≈≈.......,
, , ,#......≈≈≈.....# *
, * * ,#.......≈.....##
** ** #.#
.#.#............# *


You could see 7 spark wasps and a slime creature.

Vanquished Creatures
  2 profane servitors
  2 bone dragons
  A hellephant (Abyss:2)
  A lich (Depths:1)
  5 tentacled starspawn
  A tengu reaver (Depths:2)
  7 nagarajas (Snake:4)
  Kirke (Swamp:3)
  A deep elf sorcerer (Abyss:3)
  2 fire giants (Depths:2)
  Louise (Swamp:3)
  A war gargoyle (Abyss:4)
  A reaper (Abyss:2)
  5 stone giants
  3 very ugly things
  A minotaur (Gauntlet)
  A vampire knight (Depths:1)
  A white draconian (Abyss:3)
  3 spark wasps (Depths:1)
  A green death (Abyss:2)
  An eidolon (Abyss:2)
  3 great orbs of eyes
  2 ettins
  2 yaktaur captains
  2 fire dragons (Depths:1)
  An ice dragon (Depths:1)
  A rakshasa (Depths:3)
  4 naga warriors (Snake:4)
  2 ghost crabs
  5 hydras
  2 vault guards
  4 catoblepae
  5 centaur warriors
  A shambling mangrove (Swamp:2)
  13 anacondas
  3 ogre magi
  11 two-headed ogres
  2 tengu warriors (D:15)
  2 vampire magi
  2 deep troll earth magi (Depths:3)
  2 deep troll shamans
  11 thrashing horrors
  7 alligators
  Urug (Lair:3)
  5 shock serpents
  5 naga sharpshooters
  A sun demon (Abyss:4)
  2 sixfirhies
  A soul eater (Gauntlet)
  6 wretched stars
  2 iron trolls (Depths:2)
  3 sea snakes (Snake:3)
  A golden dragon zombie (Abyss:3)
  A deep elf archer (D:15)
  4 unseen horrors
  Pikel (D:5)
  3 spatial maelstroms
  4 deep trolls
  A flayed ghost (Depths:2)
  9 orc knights
  3 naga ritualists (Snake:4)
  2 spectral hydras (Swamp:4)
  3 glowing orange brains
  3 deep elf magi
  5 mana vipers
  A necromancer (Abyss:3)
  4 manticores
  2 orc sorcerers
  A shining eye (Abyss:2)
  2 salamanders
  19 ugly things
  29 starcursed masses
  2 worldbinders (Abyss:3)
  2 cyclopes (D:12)
  4 black mambas
  10 naga magi
  Joseph (D:10)
  An apocalypse crab (Abyss:2)
  4 centaur zombies
  Maurice (D:12)
  11 smoke demons
  11 guardian serpents (Snake:4)
  12 yaktaurs
  Psyche (D:8)
  4 gargoyles (Abyss:4)
  An orange demon (Depths:2)
  3 swamp worm zombies (Swamp:4)
  5 cane toads
  A rime drake (Lair:4)
  2 efreet (Abyss:3)
  6 hellwings
  A komodo dragon (Lair:1)
  5 ancient zymes (Abyss:3)
  3 ice devils
  A queen bee (D:12)
  3 hydra zombies (Swamp:4)
  5 catoblepas skeletons (Abyss:4)
  2 tengu conjurers
  4 trolls
  3 polar bears
  A queen bee (shapeshifter) (D:14)
  2 wolf spider simulacra
  6 tyrant leeches
  11 hornets
  5 hippogriffs
  10 blink frogs
  8 bog bodies
  2 spectral swamp dragons (Swamp:4)
  7 alligator zombies (Swamp:4)
  17 raiju
  A hydra skeleton (Abyss:3)
  A fire dragon zombie (Abyss:3)
  8 slime creatures
  3 air elementals
  An ice dragon skeleton (Abyss:3)
  3 shadows
  A centaur simulacrum (D:15)
  6 ynoxinuls
  41 yaks
  4 spriggans
  2 wraiths
  7 hogs
  A human (D:7)
  3 basilisks
  2 golden eyes (Abyss:3)
  A steam dragon (D:10)
  3 wyverns
  23 vampire mosquitoes
  5 chaos spawn
  3 neqoxecs (Abyss:3)
  9 swamp worms
  Edmund (D:5)
  3 wargs
  15 large abominations
  24 nagas
  13 insubstantial wisps
  2 soldier ants (D:14)
  5 hell hounds (Abyss:3)
  2 spatial vortices (Abyss:3)
  2 acid dragons
  22 water moccasins
  Duvessa (D:5)
  6 porcupines
  A swamp drake (Swamp:4)
  34 orc warriors
  A hornet zombie (D:8)
  2 black bears (D:9)
  2 swamp dragon zombies (Swamp:4)
  3 eyes of draining
  8 ice beasts
  10 ogres
  8 phantoms
  3 sky beasts
  A necrophage (D:5)
  13 wolves
  8 centaurs
  A manticore skeleton (Abyss:2)
  7 crocodiles
  A lemure (D:5)
  2 big kobolds
  A wyvern zombie (D:11)
  16 bullfrogs
  6 earth elementals (Abyss:4)
  A wyvern skeleton (D:13)
  A water moccasin skeleton (D:9)
  21 small abominations
  17 killer bees
  Dowan (D:5)
  5 scorpions
  16 wights
  3 howler monkeys
  An electric eel (D:7)
  9 crimson imps (D:11)
  2 bullfrog zombies
  6 quasits
  4 hounds
  An iron imp (Abyss:3)
  3 jellies
  15 orc priests
  3 gnoll shamans
  4 bullfrog skeletons
  8 centaur skeletons
  6 iguanas
  11 worker ants
  9 orc wizards
  2 spectral swamp drakes (Swamp:4)
  A hound zombie (D:7)
  2 hound skeletons (D:5)
  8 mummies (Ossuary)
  A worker ant zombie (D:11)
  24 adders
  19 gnolls
  A swamp drake zombie (Swamp:4)
  A river rat (D:5)
  2 shadow imps (Gauntlet)
  4 white imps
  5 ufetubi
  3 adder skeletons
  A dart slug (D:1)
  5 leopard geckos
  107 orcs
  A ball python (Lair:4)
  4 giant cockroaches
  9 goblins
  4 hobgoblins (D:1)
  3 jackals (D:10)
  A quokka (D:6)
  7 bats
  3 frilled lizards (D:1)
  2 hobgoblin zombies (Ossuary)
  A jackal skeleton (D:5)
  10 kobolds
  3 kobold zombies (Ossuary)
  3 orc zombies (Ossuary)
  2 rats (D:1)
  2 butterflies (Lair:3)
  7 starspawn tentacles
1178 creatures vanquished.

Vanquished Creatures (collateral kills)
  A deep elf mage (D:9)
1 creature vanquished.

Vanquished Creatures (others)
  A tentacled starspawn (Abyss:4)
  A rakshasa (Abyss:2)
  A tengu conjurer (Depths:2)
  A large abomination (Abyss:4)
  A spectral swamp dragon (Swamp:4)
  3 humans (Swamp:3)
  A neqoxec (Abyss:3)
  A floating eye (shapeshifter) (Abyss:4)
  2 swamp dragon zombies (Swamp:4)
  7 fungi
  22 plants
  9 starspawn tentacles
50 creatures vanquished.

Grand Total: 1229 creatures vanquished

Notes
Turn   | Place    | Note
-------+----------+-------------------------------------------
     0 | D:1      | Flugslaktarn the Deep Dwarf Fighter began the quest for the
                  | Orb.
     0 | D:1      | Reached XP level 1. HP: 20/20 MP: 1/1
     3 | D:1      | Noticed an electric eel
     3 | D:1      | Noticed an electric eel
   147 | D:1      | Reached XP level 2. HP: 18/27 MP: 2/2
   229 | D:1      | Reached skill level 3 in Fighting
   569 | D:2      | Reached XP level 3. HP: 22/34 MP: 3/3
   914 | D:4      | Noticed a water moccasin
   922 | D:4      | Killed a water moccasin
   922 | D:4      | Reached XP level 4. HP: 27/44 MP: 3/3
   922 | D:4      | Reached XP level 5. HP: 31/50 MP: 4/4
   973 | D:4      | Reached skill level 4 in Fighting
  1250 | D:5      | Entered Level 5 of the Dungeon
  1258 | D:5      | Reached XP level 6. HP: 55/57 MP: 5/5
  1260 | D:5      | Found a staircase to the Ecumenical Temple.
  1274 | D:5      | Noticed Pikel
  1286 | D:5      | Killed Pikel
  1286 | D:5      | Reached skill level 5 in Fighting
  1286 | D:5      | Reached skill level 5 in Axes
  1286 | D:5      | Reached XP level 7. HP: 32/67 MP: 6/6
  1292 | Temple   | Entered the Ecumenical Temple
  1453 | Temple   | Became a worshipper of Makhleb the Destroyer
  1622 | D:5      | Noticed Edmund
  1633 | D:5      | Killed Edmund
  1633 | D:5      | Reached skill level 5 in Armour
  1633 | D:5      | Reached skill level 5 in Shields
  1633 | D:5      | Reached skill level 1 in Invocations
  1674 | D:5      | Noticed Dowan
  1678 | D:5      | Noticed Duvessa
  1682 | D:5      | Reached XP level 8. HP: 59/75 MP: 6/8
  1684 | D:5      | Killed Dowan
  1693 | D:5      | Killed Duvessa
  2460 | D:6      | Reached skill level 6 in Fighting
  2486 | D:6      | Found a white marble altar of Elyvilon.
  2556 | D:6      | Reached * piety under Makhleb
  2875 | D:6      | Found a glowing silver altar of Zin.
  3194 | D:6      | Gained mutation: You passively map the area around you.
                  | [Deep Dwarf growth]
  3194 | D:6      | Reached XP level 9. HP: 39/85 MP: 8/8
  3233 | D:7      | Found a shadowy altar of Dithmenos.
  3370 | D:7      | Reached ** piety under Makhleb
  3388 | D:7      | Reached skill level 7 in Fighting
  3481 | D:7      | Found a hazy altar of Hepliaklqana.
  3536 | D:7      | Found a sparkling altar of Nemelex Xobeh.
  3595 | D:7      | Found an opulent altar of Gozag.
  3729 | D:7      | Reached skill level 5 in Invocations
  3909 | D:8      | Noticed Psyche
  3918 | D:8      | Killed Psyche
  3918 | D:8      | Reached XP level 10. HP: 60/96 MP: 10/10
  4145 | D:8      | Found a sand-covered staircase.
  4399 | Ossuary  | Entered an ossuary
  4748 | D:8      | Found a runed translucent gate.
  4748 | D:8      | Found a runed translucent gate.
  4752 | D:8      | Noticed harkrass's ghost (novice MiFi)
  4756 | D:8      | Noticed a two-headed ogre
  4763 | D:8      | Found a runed translucent gate.
  4970 | D:8      | Found a stormy altar of Qazlal.
  5157 | D:9      | Reached skill level 8 in Fighting
  5163 | D:9      | Reached *** piety under Makhleb
  5226 | D:9      | Reached skill level 1 in Evocations
  5300 | D:9      | Found a staircase to the Lair.
  5395 | D:9      | Noticed a cyan ugly thing
  5395 | D:9      | Noticed a green ugly thing
  5410 | D:9      | Killed a cyan ugly thing
  5420 | D:9      | Killed a cyan ugly thing
  5420 | D:9      | Reached skill level 10 in Axes
  5470 | D:9      | Noticed a deep elf mage
  5486 | D:9      | Killed a deep elf mage
  5590 | D:9      | Identified the ring of Gabb {Ice *Slow MR+++ Int+4}
  5590 | D:9      | Noticed a deep elf mage
  5610 | D:9      | Killed a deep elf mage
  5610 | D:9      | Reached XP level 11. HP: 48/104 MP: 12/12
  5644 | D:9      | Noticed a deep elf mage
  5667 | D:9      | Killed a deep elf mage
  5667 | D:9      | Reached skill level 9 in Fighting
  5798 | D:9      | You are sucked into a shaft and drop 2 floors!
  5802 | D:11     | Noticed an unseen horror
  5802 | D:11     | Noticed a purple ugly thing
  5809 | D:11     | Killed an unseen horror
  5814 | D:11     | Reached **** piety under Makhleb
  5815 | D:11     | Killed a purple ugly thing
  5824 | D:10     | Entered Level 10 of the Dungeon
  6077 | D:10     | Noticed an unseen horror
  6118 | D:10     | Killed an unseen horror
  6223 | D:10     | Noticed Joseph
  6241 | D:10     | Killed Joseph
  6276 | D:10     | Paralysed by a hornet for 3 turns
  6285 | D:10     | Paralysed by a hornet for 1 turns
  6859 | D:11     | Reached ***** piety under Makhleb
  6859 | D:11     | Reached skill level 5 in Evocations
  7185 | D:11     | Noticed an unseen horror
  7192 | D:11     | Killed an unseen horror
  7743 | D:12     | Found Umats's Gadget Shoppe.
  7779 | D:12     | Reached skill level 10 in Fighting
  7780 | D:12     | Noticed Maurice
  7791 | D:12     | Reached XP level 12. HP: 99/116 MP: 13/13
  7796 | D:12     | Killed Maurice
  7869 | D:12     | Found Lioraq's Luxury Loot.
  7910 | D:12     | Noticed a two-headed ogre
  7913 | D:12     | Noticed a two-headed ogre
  7920 | D:12     | Killed a two-headed ogre
  7921 | D:12     | Killed a two-headed ogre
  7921 | D:12     | Noticed a two-headed ogre
  7931 | D:12     | Killed a two-headed ogre
  7937 | D:12     | Noticed a two-headed ogre
  7938 | D:12     | Noticed an ogre mage
  7948 | D:12     | Killed a two-headed ogre
  7949 | D:12     | Killed an ogre mage
  8114 | D:12     | Reached ****** piety under Makhleb
  8123 | D:12     | Found a staircase to the Orcish Mines.
  8240 | D:12     | Found a flagged portal.
  8246 | Bailey   | Entered a bailey
  8403 | Bailey   | Reached skill level 11 in Fighting
  8444 | Bailey   | Reached XP level 13. HP: 127/127 MP: 14/14
  8798 | D:12     | Reached skill level 10 in Invocations
  8874 | D:12     | Gained mutation: You resist negative energy. (rN+) [Deep
                  | Dwarf growth]
  8874 | D:12     | Reached XP level 14. HP: 135/135 MP: 15/15
  9193 | D:13     | Reached skill level 10 in Armour
  9252 | D:13     | Reached skill level 1 in Dodging
 10055 | D:14     | Reached skill level 10 in Shields
 10494 | D:14     | Found a gate to the Vaults.
 10669 | D:15     | Entered Level 15 of the Dungeon
 10737 | D:15     | Reached skill level 15 in Axes
 10876 | D:15     | Found a glowing golden altar of the Shining One.
 10914 | D:15     | Found a staircase to the Depths.
 11040 | D:15     | Found a glowing silver altar of Zin.
 11597 | Lair:1   | Entered Level 1 of the Lair of Beasts
 11720 | Lair:1   | Reached skill level 12 in Fighting
 11744 | Lair:1   | Got an ichor-stained helmet
 11750 | Lair:1   | Identified the +1 helmet of Eheluosk {rF+ rN+} (You found
                  | it on level 1 of the Lair of Beasts)
 11875 | Lair:2   | Reached XP level 15. HP: 125/144 MP: 17/17
 12093 | Lair:2   | Found a gate leading to a gauntlet.
 12102 | Gauntlet | Entered a Gauntlet
 12102 | Gauntlet | Found a transporter.
 12112 | Gauntlet | Found a transporter.
 12127 | Gauntlet | Found a transporter.
 12132 | Gauntlet | Found a transporter.
 12155 | Gauntlet | Found a transporter.
 12168 | Gauntlet | Found a transporter.
 12180 | Gauntlet | Found a transporter.
 12186 | Gauntlet | Found a transporter.
 12201 | Gauntlet | Found a transporter.
 12207 | Gauntlet | Found a transporter.
 12222 | Gauntlet | Found a transporter.
 12228 | Gauntlet | Found a transporter.
 12239 | Gauntlet | Found a large runed translucent door.
 12240 | Gauntlet | Found a large runed translucent door.
 12241 | Gauntlet | Found a large runed translucent door.
 12241 | Gauntlet | Found a large runed translucent door.
 12242 | Gauntlet | Found a runed translucent gate.
 12243 | Gauntlet | Found a transporter.
 12243 | Gauntlet | Found a runed translucent gate.
 12244 | Gauntlet | Found a runed translucent gate.
 12245 | Gauntlet | Found a large runed translucent door.
 12245 | Gauntlet | Found a large runed translucent door.
 12245 | Gauntlet | Found a runed translucent door.
 12245 | Gauntlet | Found a runed translucent door.
 12246 | Gauntlet | Found a large runed translucent door.
 12247 | Gauntlet | Found a large runed translucent door.
 12249 | Gauntlet | Found a transporter.
 12254 | Gauntlet | Found a large runed translucent door.
 12254 | Gauntlet | Found a large runed translucent door.
 12255 | Gauntlet | Found a large runed translucent door.
 12256 | Gauntlet | Found a large runed translucent door.
 12265 | Gauntlet | Found a large runed translucent door.
 12265 | Gauntlet | Found a large runed translucent door.
 12266 | Gauntlet | Found a large runed translucent door.
 12267 | Gauntlet | Found a large runed translucent door.
 12288 | Gauntlet | Found a transporter.
 12314 | Gauntlet | Found a transporter.
 12316 | Gauntlet | Found a transporter.
 12336 | Gauntlet | Found a transporter.
 12461 | Gauntlet | Got a bound steel ring
 12520 | Gauntlet | Identified the Collected Works on the Supportive Compass
 12526 | Lair:2   | Identified the ring "Samudwo" {+Fly rF+ rC+ AC+4} (You
                  | found it in a Gauntlet)
 13148 | Lair:3   | Found a runed translucent gate.
 13148 | Lair:3   | Found a runed translucent gate.
 13148 | Lair:3   | Found a runed translucent gate.
 13152 | Lair:3   | Noticed Vias's ghost (journeyman DsWn)
 13152 | Lair:3   | Noticed Jebami Geqynt's ghost (journeyman TeAE)
 13169 | Lair:3   | Noticed Urug
 13184 | Lair:3   | Killed Urug
 14297 | Lair:4   | Found a staircase to the Snake Pit.
 14810 | Lair:4   | Found a staircase to the Swamp.
 14820 | Lair:4   | Reached skill level 10 in Evocations
 14827 | Swamp:1  | Entered Level 1 of the Swamp
 14935 | Swamp:1  | Reached skill level 5 in Dodging
 15188 | Swamp:3  | Noticed Kirke
 15191 | Swamp:3  | Noticed Louise
 15222 | Swamp:3  | Killed Kirke
 15228 | Swamp:3  | Killed Louise
 15516 | Swamp:4  | Entered Level 4 of the Swamp
 15651 | Swamp:4  | Reached skill level 13 in Fighting
 15907 | Swamp:4  | Reached XP level 16. HP: 154/157 MP: 19/19
 15939 | Swamp:4  | Noticed a bone dragon
 16004 | Swamp:4  | Killed a bone dragon
 16024 | Swamp:4  | Got a decaying rune of Zot
 16407 | Orc:1    | Entered Level 1 of the Orcish Mines
 16503 | Orc:2    | Entered Level 2 of the Orcish Mines
 16709 | Orc:2    | Found Agrugriv's Magic Scroll Boutique.
 16709 | Orc:2    | Found Caenin's Antique Weapon Emporium.
 16711 | Orc:2    | Found Godohuin's Antique Weapon Shoppe.
 16713 | Orc:2    | Found Jafokkia's Antique Weapon Shop.
 16719 | Orc:2    | Bought a scroll of enchant armour for 112 gold pieces
 16726 | Orc:2    | Bought a glowing broad axe for 224 gold pieces
 16732 | Orc:2    | Bought a runed broad axe for 175 gold pieces
 17077 | Snake:1  | Entered Level 1 of the Snake Pit
 17378 | Snake:4  | Entered Level 4 of the Snake Pit
 17391 | Snake:4  | Found a radiant altar of Vehumet.
 17551 | Snake:4  | Reached skill level 14 in Fighting
 17839 | Snake:4  | Reached XP level 17. HP: 168/168 MP: 18/18
 18000 | Snake:4  | Got a serpentine rune of Zot
 18434 | Depths:1 | Entered Level 1 of the Depths
 18456 | Depths:1 | Found a gateway to Hell.
 18568 | Depths:1 | Noticed a lich
 18577 | Depths:1 | Reached skill level 15 in Fighting
 18586 | Depths:1 | Killed a lich
 18769 | Depths:1 | Found a portal to a secret trove of treasure.
 19090 | Depths:2 | Reached skill level 10 in Dodging
 19091 | Depths:2 | Found a one-way gate to the infinite horrors of the Abyss.
 19200 | Depths:2 | Voluntarily entered the Abyss.
 19291 | Abyss:2  | Gained mutation: You passively map a large area around you.
                  | [Deep Dwarf growth]
 19291 | Abyss:2  | Reached XP level 18. HP: 128/144 MP: 19/19
 19625 | Abyss:2  | Noticed a hellephant
 19674 | Abyss:2  | Killed a hellephant
 19677 | Abyss:2  | Gained mutation: Your magical capacity is low. (-10% MP) [a
                  | shining eye]
 19681 | Abyss:2  | Gained mutation: Scrolls take you a little longer to read.
                  | [a shining eye]
 20043 | Abyss:3  | Reached skill level 15 in Invocations
 20064 | Abyss:3  | Reached skill level 16 in Fighting
 20094 | Abyss:3  | Noticed a profane servitor
 20105 | Abyss:3  | Paralysed by accursed screaming for 1 turns
 20110 | Abyss:3  | Paralysed by accursed screaming for 1 turns
 20118 | Abyss:3  | Paralysed by accursed screaming for 2 turns
 20123 | Abyss:3  | Noticed a bone dragon
 20123 | Abyss:3  | Paralysed by accursed screaming for 2 turns
 20128 | Abyss:3  | Killed a profane servitor
 20140 | Abyss:3  | Killed a bone dragon
 20168 | Abyss:3  | Gained mutation: Your spells are easier to cast, but less
                  | powerful. [a neqoxec]
 20219 | Abyss:3  | Paralysed by accursed screaming for 1 turns
 20472 | Abyss:4  | Noticed a profane servitor
 20504 | Abyss:4  | Killed a profane servitor
 20559 | Abyss:4  | Paralysed by accursed screaming for 1 turns
 20698 | Abyss:4  | Found a corrupted altar of Lugonu.
 20773 | Abyss:4  | Reached XP level 19. HP: 154/190 MP: 16/16
 20815 | Abyss:4  | Reached skill level 17 in Fighting
 20869 | Abyss:4  | Got an abyssal rune of Zot
 20877 | Depths:2 | Escaped the Abyss
 21003 | Depths:3 | Noticed Nikola
 21044 | Depths:3 | Found a gateway to a ziggurat.
 21083 | Depths:3 | HP: 9/193 [spark wasp/living lightning (8)]
 21083 | Depths:3 | Slain by a spark wasp

Illustrated notes

Levels and vault maps discovered:
D:1:      arrival_aquarium_b, layout_loops_ring
D:2:      layout_loops_ring, overflow_temple_1_default
D:3:      layout_basic, marbit_many_paths, chequers_serial_rivers_micro_d,
          uniq_terence
D:4:      lemuel_upstairs_altar, layout_rooms
D:5:      layout_basic, minmay_temple_entry_grid, gup_sewer_entry_bowl,
          uniq_edmund, uniq_duvessa, uniq_pikel
D:6:      layout_gridville, elyvilon_altar_5, zin_statuary
D:7:      layout_rooms, lemuel_coloured_pillars_altar,
          nemelex_xobeh_ov_fountains_minmay, grunt_dithmenos_smoke,
          old_standard_altar, grunt_livestock, nicolae_water_bricks
D:8:      layout_basic, enter_ossuary_5, gammafunk_ghost_split,
          hangedman_decor_growths, nicolae_qazlal_style_of_elements, uniq_psyche
D:9:      minmay_the_grid_3x2 [minmay_the_grid_minigrid_medium,
          minmay_the_grid_slots, minmay_the_grid_expand,
          minmay_the_grid_tri_star, minmay_the_grid_stretched_grid,
          minmay_the_grid_prize_shrinking_boxes], layout_irregular_city,
          lair_entry_dummy
D:10:     layout_loops_ring, hex_medium, uniq_joseph
D:11:     layout_basic, portal_ice_cave_demonic_guard, minmay_nine_imps
D:12:     layout_basic, hiddenorc2_lemuel, serial_shops, shop, enter_bailey_3,
          nicolae_alphabet_shops, minmay_misc_feat_cross,
          hangedman_decor_points, nicolae_looking_at_the_future, uniq_maurice
D:13:     layout_gridville
D:14:     layout_basic, david_vaults_5, minmay_misc_feat_rugged
D:15:     hangedman_depths_entry_civil_slaughter, layout_gridville,
          lemuel_altar_in_water, tso_altar
Temple:   eino_narrow_crystal_temple
Lair:1:   minmay_guarded_unrand_snakebite, layout_gridlike
Lair:2:   layout_cave_pods, gauntlet_entry_generic, grunt_megastairs_3,
          serial_bayou_shore_b, lemuel_fruit_fields
Lair:3:   layout_layer_cave, gammafunk_ghost_cemetery, lemuel_fruit_fields,
          serial_bayou_shore_b, minmay_lair_oklob_chamber, grunt_megastairs_5,
          uniq_urug
Lair:4:   layout_regular_city, minmay_swamp_entry_reptiles,
          minmay_snake_entry_six_corridors, pond
Swamp:1:  layout_basic_swamp, infiniplex_staircase_pool, swamp_pool4,
          uniq_frances
Swamp:2:  layout_basic_swamp, evilmike_swamp_ruin_wall, swamp_pool3,
          nicolae_swamp_rocky_clearing
Swamp:3:  layout_falls_marsh, evilmike_swamp_ruin_rubble_2, uniq_louise,
          uniq_kirke
Swamp:4:  swamp_pestilence, layout_basic_swamp
Snake:1:  layout_basic, serial_bayou_shore_b
Snake:2:  layout_grid_maze
Snake:3:  layout_layer_cave, serial_bayou_shore_a
Snake:4:  grunt_snake_rune_serpentine_throne, layout_cave_town, basic_altar,
          uniq_asterion
Orc:1:    layout_caves
Orc:2:    st_orc_rangers, layout_caves, serial_shops, shop
Depths:1: layout_gridlike, hell_entry, minmay_misc_feat_chi, enter_trove_3,
          hangedman_abyss_entry_splay, kennysheep_boxes
Depths:2: grated_community_mu [grated_community_mu_vampire_home,
          grated_community_mu_giant_home, grated_community_mu_spellcaster_home,
          grated_community_mu_orcish_home, grated_community_mu_troll_home,
          grated_community_mu_taur_home, grated_community_mu_unbuilt_plot],
          layout_cave_pools, hangedman_decor_diamond_cutter, abyss_entry,
          rand_demon_pan_entry_4, hell_entry, kennysheep_nondescript,
          kennysheep_generic_room_3, infiniplex_staircase_x
Depths:3: nooodl_glass_maze, layout_cave_pools, enter_ziggurat_b,
          grunt_pan_entry_zigzag, old_standard_altar, hell_entry, ice2_lemuel,
          minmay_staircase_windowed_large, uniq_nikola

Skill      XL: |  1  2  3  4  5  6  7  8  9 10 11 12 13 14 15 16 17 18 19 |
---------------+----------------------------------------------------------+-----
Fighting       | 3 4 5 6 7 8 10 11 12 13 14 15 16 17 | 17.1
Axes           | 3 4 5 6 7 9 10 11 12 14 15 16 | 16.0
Armour         | 4 5 6 7 8 9 10 11 12 13 14 | 14.8
Shields        | 4 5 6 7 8 9 10 11 12 13 14 | 14.8
Invocations    | 1 3 5 7 8 9 10 11 12 13 14 15 | 15.0
Evocations     | 3 5 7 9 10 | 10.0
Dodging        | 3 6 8 10 11 | 11.0

Action                   |  1- 3 |  4- 6 |  7- 9 | 10-12 | 13-15 | 16-18 | 19-21 || total
-------------------------+-------+-------+-------+-------+-------+-------+-------++-------
Melee: War axe           |   103 |    49 |   256 |   857 |   913 |   204 |       ||  2382
       Unarmed           |       |       |     6 |       |       |       |       ||     6
       Broad axe         |       |       |       |       |       |  1173 |    97 ||  1270
 Abil: Heal Wounds       |     1 |     2 |    13 |    14 |       |    21 |     1 ||    52
Evoke: Condenser vane    |       |       |       |     4 |       |     3 |     1 ||     8
       Wand              |       |       |       |     5 |       |       |       ||     5
  Use: Potion            |       |       |     2 |       |     2 |     6 |       ||    10
       Scroll            |       |       |       |    21 |    22 |    14 |       ||    57
 Stab: Paralysed         |       |       |       |    13 |       |       |       ||    13
       Petrified         |       |       |       |       |     6 |       |       ||     6
       Distracted        |       |       |       |       |       |     1 |       ||     1
       Invisible         |       |       |       |       |       |     1 |       ||     1
Armor: Scale mail        |     7 |       |       |       |       |       |       ||     7
       Chain mail        |    44 |    33 |   207 |    90 |       |       |       ||   374
       Skin              |       |       |     3 |       |       |       |       ||     3
       Plate armour      |       |       |       |   411 |   361 |   874 |    49 ||  1695
Dodge: Dodged            |    32 |     5 |   112 |   187 |   163 |   429 |    35 ||   963
Block: Kite shield       |    62 |    22 |   253 |   636 |   548 |       |       ||  1521
       Tower shield      |       |       |       |       |   140 |  1925 |   104 ||  2169
       Reflection        |       |       |       |       |     5 |   108 |     2 ||   115

Table legend: (Time is in decaauts)
 A = Elapsed time spent in this place.
 B = Non-inter-level travel time spent in this place.
 C = Inter-level travel time spent in this place.
 D = Time resting spent in this place.
 E = Time spent auto-exploring this place.
 F = Levels seen in this place.
 G = Mean time per level.
                   A        B        C        D        E       F      G
               +--------+--------+--------+--------+--------+-----+--------+
         Total |  20888 |  18970 |   1918 |    311 |  12369 |  40 |  522.2 |
       Dungeon |  11418 |  10455 |    963 |     61 |   7660 |  15 |  761.2 |
        Temple |    176 |    150 |     26 |      0 |    148 |   1 |  176.0 |
          Lair |   3197 |   2748 |    449 |      0 |   2273 |   4 |  799.2 |
         Swamp |   1270 |   1129 |    141 |    125 |    487 |   4 |  317.5 |
     Snake Pit |   1051 |    838 |    213 |    119 |    257 |   4 |  262.8 |
  Orcish Mines |    378 |    314 |     64 |      0 |    125 |   2 |  189.0 |
        Depths |    938 |    878 |     60 |      0 |    457 |   3 |  312.7 |
         Abyss |   1609 |   1609 |      0 |      6 |    542 |   4 |  402.2 |
       Ossuary |    175 |    175 |      0 |      0 |    104 |   1 |  175.0 |
        Bailey |    261 |    261 |      0 |      0 |     81 |   1 |  261.0 |
      Gauntlet |    410 |    410 |      0 |      0 |    234 |   1 |  410.0 |
               +--------+--------+--------+--------+--------+-----+--------+

Top non-repeatable levels by time:
    D:11: 1302 daAuts
  Lair:3: 1113 daAuts
    D:12: 1069 daAuts
     D:8: 1067 daAuts
     D:5: 1061 daAuts
    D:14: 936 daAuts
  Lair:2: 927 daAuts
     D:9: 901 daAuts
    D:13: 795 daAuts
    D:15: 794 daAuts
     D:6: 747 daAuts
     D:7: 746 daAuts
    D:10: 691 daAuts
  Lair:4: 667 daAuts
 Snake:4: 664 daAuts
